| TOP OF THE 1ST |
|
Charlotte Knights batting - Pitching for Norfolk Tides : RHP Sam Wilson
|
|
Pitching: RHP Sam Wilson
|
|
|
Batting: LHB John Thurman
|
0-0: Ball 1-0: Called Strike 1-1: Ball 2-1: Ground out U3 (Groundball, 3, EV 83.1 MPH)
|
|
Batting: LHB Carlos Ramirez
|
0-0: Called Strike 0-1: Ball 1-1: Swinging Strike 1-2: Ball 2-2: Ground out U3 (Groundball, 34S, EV 71.9 MPH)
|
|
Batting: LHB Joe Kirkland
|
0-0: Foul Ball, location: 2F 0-1: Ball 1-1: Ball 2-1: Ground out 1-3 (Groundball, 13S, EV 66.2 MPH)
|
| Top of the 1st over - 0 runs, 0 hits, 0 errors, 0 left on base; Charlotte 0 - Norfolk 0 |
| BOTTOM OF THE 1ST |
|
Norfolk Tides batting - Pitching for Charlotte Knights : RHP Emilio Gonzalez
|
|
Pitching: RHP Emilio Gonzalez
|
|
|
Batting: RHB Bobby Scholl
|
0-0: Ball 1-0: Ground out U3 (Groundball, 3, EV 92.5 MPH)
|
|
Batting: LHB Jose Chinchilla
|
0-0: Ball 1-0: Called Strike 1-1: Ball 2-1: Fly out, F7 (Flyball, 7D, EV 97.5 MPH)
|
|
Batting: LHB Wes Goscinski
|
0-0: Foul Ball, location: 2F 0-1: SINGLE (Groundball, 34D, EV 106.2 MPH)
|
|
Batting: RHB Muneer Maudad
|
0-0: Ball 1-0: Fielders Choice at 2nd, 5-4 (Groundball, 56, EV 101.9 MPH)
|
| Bottom of the 1st over - 0 runs, 1 hit, 0 errors, 1 left on base; Charlotte 0 - Norfolk 0 |
| TOP OF THE 2ND |
|
Charlotte Knights batting - Pitching for Norfolk Tides : RHP Sam Wilson
|
|
Batting: RHB Fletcher Easter
|
0-0: Foul Ball, location: 2F 0-1: Called Strike 0-2: Ball 1-2: Foul Ball, location: 2F 1-2: Ball 2-2: Ball 3-2: Base on Balls
|
|
Batting: LHB Ricardo Pagan
|
0-0: Ball 1-0: Ball 2-0: Foul Ball, location: 2F 2-1: Ball 3-1: SINGLE (Groundball, 56D, EV 106.9 MPH) Fletcher Easter to second
|
|
Batting: RHB Micah Brown
|
0-0: Ball 1-0: Ball 2-0: SINGLE (Line Drive, 89M, EV 99.4 MPH) Fletcher Easter to third Ricardo Pagan to second Runner from 3rd tries for Home, SAFE, throw by RF to home Ricardo Pagan to third Micah Brown to second
|
|
Batting: LHB Edgar Castillo
|
0-0: SINGLE (Line Drive, 5D, EV 101.2 MPH) Ricardo Pagan scores Micah Brown to third
|
|
Batting: RHB Kikuo Sato
|
0-0: Fly out, F3 (Popup, 3L, EV 66.9 MPH)
|
|
Batting: SHB Matt Childers
|
0-0: Ball 1-0: Fly out, F9 (Line Drive, 9, EV 102.5 MPH)
|
|
Batting: LHB John Thurman
|
0-0: Called Strike 0-1: Foul Ball, location: 2F 0-2: Strikes out looking
|
| Top of the 2nd over - 2 runs, 3 hits, 0 errors, 2 left on base; Charlotte 2 - Norfolk 0 |
| BOTTOM OF THE 2ND |
|
Norfolk Tides batting - Pitching for Charlotte Knights : RHP Emilio Gonzalez
|
|
Batting: SHB Brian Bentz
|
0-0: Ball 1-0: Foul Ball, location: 2F 1-1: SINGLE (Line Drive, 3D, EV 95.0 MPH)
|
|
Batting: RHB Mario Saez
|
0-0: Foul Ball, location: 2F 0-1: Foul Ball, location: 2F 0-2: Grounds into double play, 6-4-3 (Groundball, 6, EV 83.1 MPH)
|
|
Batting: LHB Tyler Allen
|
0-0: Called Strike 0-1: Ball 1-1: Foul Ball, location: 2F 1-2: Strikes out looking
|
| Bottom of the 2nd over - 0 runs, 1 hit, 0 errors, 0 left on base; Charlotte 2 - Norfolk 0 |
| TOP OF THE 3RD |
|
Charlotte Knights batting - Pitching for Norfolk Tides : RHP Sam Wilson
|
|
Batting: LHB Carlos Ramirez
|
0-0: Ball 1-0: SINGLE (Groundball, 34D, EV 95.6 MPH)
|
|
Batting: LHB Joe Kirkland
|
0-0: Called Strike 0-1: Ball 1-1: Ball 2-1: Foul Ball, location: 2F 2-2: DOUBLE (Line Drive, 78D, EV 106.9 MPH) Carlos Ramirez to third
|
|
Batting: RHB Fletcher Easter
|
0-0: Called Strike 0-1: Ball 1-1: Ball 2-1: Ball 3-1: Ground out 6-3 (Groundball, 4M, EV 78.1 MPH) Carlos Ramirez scores Joe Kirkland to third
|
|
Batting: LHB Ricardo Pagan
|
0-0: Ball 1-0: Ball 2-0: Ball 3-0: Base on Balls
|
|
Batting: RHB Micah Brown
|
0-0: Ball 1-0: Called Strike 1-1: Fly out, F3 (Popup, 23, EV 84.4 MPH)
|
|
Batting: LHB Edgar Castillo
|
0-0: Ball 1-0: Foul Ball, location: 2F 1-1: Called Strike 1-2: Foul Ball, location: 2F 1-2: Foul Ball, location: 2F 1-2: Strikes out swinging
|
| Top of the 3rd over - 1 run, 2 hits, 0 errors, 2 left on base; Charlotte 3 - Norfolk 0 |
| BOTTOM OF THE 3RD |
|
Norfolk Tides batting - Pitching for Charlotte Knights : RHP Emilio Gonzalez
|
|
Batting: RHB Andrew Korman
|
0-0: Foul Ball, location: 2F 0-1: Ground out 1-3 (Groundball, 13, EV 65.0 MPH)
|
|
Batting: RHB Andy Bridger
|
0-0: Foul Ball, location: 2F 0-1: Ball 1-1: SINGLE (Line Drive, 4D, EV 93.8 MPH)
|
|
Batting: RHB Bobby Scholl
|
0-0: Ball 1-0: Ball 2-0: Swinging Strike 2-1: Ball 3-1: Grounds into double play, 4-6-3 (Groundball, 34, EV 100.6 MPH)
|
| Bottom of the 3rd over - 0 runs, 1 hit, 0 errors, 0 left on base; Charlotte 3 - Norfolk 0 |
| TOP OF THE 4TH |
|
Charlotte Knights batting - Pitching for Norfolk Tides : RHP Sam Wilson
|
|
Batting: RHB Kikuo Sato
|
0-0: Ball 1-0: Ball 2-0: Called Strike 2-1: Called Strike 2-2: Ground out 5-3 (Groundball, 56S, EV 63.8 MPH)
|
|
Batting: SHB Matt Childers
|
0-0: Called Strike 0-1: Ball 1-1: SINGLE (Groundball, 3D, EV 103.1 MPH)
|
|
Batting: LHB John Thurman
|
0-0: SINGLE (Groundball, 34D, EV 101.2 MPH) Matt Childers to second Runner from 2nd tries for 3rd, SAFE, throw by RF made to third
|
|
Now in RF: James Betron
|
|
|
Batting: LHB Carlos Ramirez
|
0-0: Ball 1-0: Fly out, F3 (Line Drive, 3, EV 60.6 MPH) Lined into DP, U3 (Line Drive, 3, EV 61.2 MPH)
|
| Top of the 4th over - 0 runs, 2 hits, 0 errors, 1 left on base; Charlotte 3 - Norfolk 0 |
| BOTTOM OF THE 4TH |
|
Norfolk Tides batting - Pitching for Charlotte Knights : RHP Emilio Gonzalez
|
|
Batting: LHB Jose Chinchilla
|
0-0: Called Strike 0-1: Ball 1-1: Foul Ball, location: 2F 1-2: Strikes out looking
|
|
Batting: LHB Wes Goscinski
|
0-0: Called Strike 0-1: Foul Ball, location: 2F 0-2: Foul Ball, location: 2F 0-2: Ball 1-2: Ball 2-2: Reached on error, E5 (Groundball, 6, EV 110.6 MPH)
|
|
Batting: RHB Muneer Maudad
|
0-0: Ball 1-0: Foul Ball, location: 2F 1-1: Ball 2-1: Fly out, F4 (Popup, 4, EV 80.0 MPH)
|
|
Batting: SHB Brian Bentz
|
0-0: Foul Ball, location: 2F 0-1: Called Strike 0-2: Strikes out looking
|
| Bottom of the 4th over - 0 runs, 0 hits, 1 error, 1 left on base; Charlotte 3 - Norfolk 0 |
| TOP OF THE 5TH |
|
Charlotte Knights batting - Pitching for Norfolk Tides : RHP Sam Wilson
|
|
Batting: LHB Joe Kirkland
|
0-0: Ground out 4-3 (Groundball, 4, EV 88.1 MPH)
|
|
Batting: RHB Fletcher Easter
|
0-0: Ball 1-0: Called Strike 1-1: Foul Ball, location: 2F 1-2: Ball 2-2: Foul Ball, location: 2F 2-2: Ground out 4-3 (Groundball, 4, EV 102.5 MPH)
|
|
Batting: LHB Ricardo Pagan
|
0-0: Swinging Strike 0-1: Foul Ball, location: 2F 0-2: Ball 1-2: Ground out 6-3 (Groundball, 6, EV 106.9 MPH)
|
| Top of the 5th over - 0 runs, 0 hits, 0 errors, 0 left on base; Charlotte 3 - Norfolk 0 |
| BOTTOM OF THE 5TH |
|
Norfolk Tides batting - Pitching for Charlotte Knights : RHP Emilio Gonzalez
|
|
Batting: LHB James Betron
|
0-0: Ball 1-0: Ground out U3 (Groundball, 3L, EV 85.0 MPH)
|
|
Batting: LHB Tyler Allen
|
0-0: Swinging Strike 0-1: Foul Ball, location: 2F 0-2: Strikes out swinging
|
|
Batting: RHB Andrew Korman
|
0-0: Foul Ball, location: 2F 0-1: Ball 1-1: Foul Ball, location: 2F 1-2: Ground out 4-3 (Groundball, 4, EV 78.1 MPH)
|
| Bottom of the 5th over - 0 runs, 0 hits, 0 errors, 0 left on base; Charlotte 3 - Norfolk 0 |
| TOP OF THE 6TH |
|
Charlotte Knights batting - Pitching for Norfolk Tides : RHP Sam Wilson
|
|
Batting: RHB Micah Brown
|
0-0: Called Strike 0-1: Foul Ball, location: 2F 0-2: Ball 1-2: Strikes out looking
|
|
Batting: LHB Edgar Castillo
|
0-0: Called Strike 0-1: Ball 1-1: Ground out 5-3 (Groundball, 5S, EV 85.0 MPH)
|
|
Batting: RHB Kikuo Sato
|
0-0: Fly out, F9 (Flyball, 9S, EV 91.9 MPH)
|
| Top of the 6th over - 0 runs, 0 hits, 0 errors, 0 left on base; Charlotte 3 - Norfolk 0 |
| BOTTOM OF THE 6TH |
|
Norfolk Tides batting - Pitching for Charlotte Knights : RHP Emilio Gonzalez
|
|
Batting: RHB Andy Bridger
|
0-0: Ball 1-0: Foul Ball, location: 2F 1-1: Ground out 5-3 (Groundball, 56, EV 99.4 MPH)
|
|
Batting: RHB Bobby Scholl
|
0-0: Called Strike 0-1: Swinging Strike 0-2: Fly out, F7 (Line Drive, 78M, EV 91.9 MPH)
|
|
Batting: LHB Jose Chinchilla
|
0-0: Ground out 4-3 (Groundball, 4, EV 83.1 MPH)
|
| Bottom of the 6th over - 0 runs, 0 hits, 0 errors, 0 left on base; Charlotte 3 - Norfolk 0 |
| TOP OF THE 7TH |
|
Charlotte Knights batting - Pitching for Norfolk Tides : RHP Sam Wilson
|
|
Batting: SHB Matt Childers
|
0-0: Ball 1-0: Swinging Strike 1-1: Ball 2-1: Swinging Strike 2-2: Foul Ball, location: 2F 2-2: Ball 3-2: Strikes out swinging
|
|
Pitching: LHP Juan Becerra
|
|
|
Batting: LHB John Thurman
|
0-0: Ball 1-0: Ball 2-0: Called Strike 2-1: Ground out 4-3 (Groundball, 4, EV 82.5 MPH)
|
|
Batting: LHB Carlos Ramirez
|
0-0: SINGLE (Line Drive, 34D, EV 106.9 MPH)
|
|
Batting: LHB Joe Kirkland
|
0-0: Ball 1-0: Called Strike 1-1: Fly out, F5 (Popup, 56S, EV 82.5 MPH)
|
| Top of the 7th over - 0 runs, 1 hit, 0 errors, 1 left on base; Charlotte 3 - Norfolk 0 |
| BOTTOM OF THE 7TH |
|
Norfolk Tides batting - Pitching for Charlotte Knights : RHP Emilio Gonzalez
|
|
Batting: LHB Wes Goscinski
|
0-0: Ball 1-0: Ball 2-0: Ball 3-0: Base on Balls
|
|
Batting: RHB Muneer Maudad
|
0-0: Called Strike 0-1: Grounds into double play, 5-4-3 (Groundball, 5, EV 106.9 MPH)
|
|
Batting: SHB Brian Bentz
|
0-0: Ball 1-0: Ball 2-0: Ball 3-0: Called Strike 3-1: Foul Ball, location: 2F 3-2: Base on Balls
|
|
Batting: LHB James Betron
|
0-0: Called Strike 0-1: Ball 1-1: Ball Brian Bentz steals 2nd base 2-1: Foul Ball, location: 2F 2-2: Ground out U3 (Groundball, 34S, EV 91.9 MPH)
|
| Bottom of the 7th over - 0 runs, 0 hits, 0 errors, 1 left on base; Charlotte 3 - Norfolk 0 |
| TOP OF THE 8TH |
|
Charlotte Knights batting - Pitching for Norfolk Tides : LHP Juan Becerra
|
|
Batting: RHB Fletcher Easter
|
0-0: Ball 1-0: Ball 2-0: Ball 3-0: Base on Balls
|
|
Batting: LHB Ricardo Pagan
|
0-0: Ball 1-0: Ball 2-0: Fielders Choice at 2nd, 6-4 (Groundball, 6, EV 107.5 MPH)
|
|
Batting: RHB Micah Brown
|
0-0: Ball 1-0: Foul Ball, location: 2F 1-1: Ball 2-1: Grounds into double play, 6-4-3 (Groundball, 6MS, EV 85.0 MPH)
|
| Top of the 8th over - 0 runs, 0 hits, 0 errors, 0 left on base; Charlotte 3 - Norfolk 0 |
| BOTTOM OF THE 8TH |
|
Norfolk Tides batting - Pitching for Charlotte Knights : RHP Emilio Gonzalez
|
|
Batting: LHB Tyler Allen
|
0-0: Ball 1-0: Ball 2-0: Called Strike 2-1: Ball 3-1: Foul Ball, location: 2F 3-2: Strikes out swinging
|
|
Batting: RHB Andrew Korman
|
0-0: Foul Ball, location: 2F 0-1: Ball 1-1: DOUBLE (Groundball, 5L, EV 96.2 MPH)
|
|
Pinch Hitting: SHB Ben Pierce
|
0-0: Ball 1-0: Ball 2-0: Ball 3-0: Called Strike 3-1: Called Strike 3-2: Strikes out swinging
|
|
Pitching: RHP Dave McGee
|
|
|
Batting: RHB Bobby Scholl
|
0-0: Ground out U3 (Groundball, 3, EV 103.8 MPH)
|
| Bottom of the 8th over - 0 runs, 1 hit, 0 errors, 1 left on base; Charlotte 3 - Norfolk 0 |
| TOP OF THE 9TH |
|
Charlotte Knights batting - Pitching for Norfolk Tides : LHP Juan Becerra
|
|
Now at 2B: Bobby Melillo
|
|
|
Pinch Hitting: RHB Vic Lucatero
|
0-0: Ball 1-0: Called Strike 1-1: Ball 2-1: Foul Ball, location: 2F 2-2: Ground out 3-1 (Groundball, 34, EV 85.0 MPH)
|
|
Batting: RHB Kikuo Sato
|
0-0: Foul Ball, location: 2F 0-1: Ball 1-1: Foul Ball, location: 2F 1-2: Ground out 4-3 (Groundball, 4, EV 84.4 MPH)
|
|
Batting: SHB Matt Childers
|
0-0: Ball 1-0: Called Strike 1-1: Fly out, F5 (Popup, 6S, EV 80.0 MPH)
|
| Top of the 9th over - 0 runs, 0 hits, 0 errors, 0 left on base; Charlotte 3 - Norfolk 0 |
| BOTTOM OF THE 9TH |
|
Norfolk Tides batting - Pitching for Charlotte Knights : RHP Dave McGee
|
|
Pitching: LHP Steven Wolf
|
|
|
Now in LF: Vic Lucatero
|
|
|
Batting: LHB Jose Chinchilla
|
0-0: Ball 1-0: Called Strike 1-1: Called Strike 1-2: Fly out, F4 (Popup, 4M, EV 71.9 MPH)
|
|
Pinch Hitting: RHB Ashton Holloway
|
0-0: SINGLE (Groundball, 6D, EV 95.6 MPH)
|
|
Batting: RHB Muneer Maudad
|
0-0: Foul Ball, location: 2F 0-1: Called Strike 0-2: Strikes out swinging
|
|
Batting: SHB Brian Bentz
|
0-0: Ball 1-0: Ball 2-0: Fly out, F5 (Line Drive, 5, EV 71.2 MPH)
|
| Bottom of the 9th over - 0 runs, 1 hit, 0 errors, 1 left on base; Charlotte 3 - Norfolk 0 |
|